 Dungeon Crawl Stone Soup version 0.26-a0-612-gd4d190f45e (webtiles) character file.

Game seed: 9531065430776724737

1 DogServant the Conjurer (level 1, 7/7 HPs)
             Began as a Felid Conjurer on Sept 10, 2020.
             Quit the game on level 1 of the Dungeon.
             The game lasted 00:00:45 (117 turns).

DogServant the Conjurer (Felid Conjurer)             Turns: 117, Time: 00:00:46

Health: 7/7        AC:  1    Str:  3    XL:     1   Next: 16%
Magic:  4/4        EV: 17    Int: 19    God:
Gold:   13         SH:  0    Dex: 14    Spells: 3/4 levels left
                                        Lives:  0   Deaths: 0

rFire    . . .     SeeInvis +   (weapon unavailable)
rCold    . . .     Faith    .   (shield unavailable)
rNeg     . . .     Spirit   .   (armour unavailable)
rPois    .         Reflect  .   (helmet unavailable)
rElec    .         Harm     .   (cloak unavailable)
rCorr    .                      (gloves unavailable)
MR       .....                  (boots unavailable)
Stlth    +++.......             (no amulet)
HPRegen  0.02/turn              (no ring)
MPRegen  0.09/turn              (no ring)

@: quick
A: very small, no armour, no weapons or thrown items, stealth, claws 1, fangs 3,
see invisible, speed 1, shaggy fur 1, sharp paws
a: no special abilities


You were on level 1 of the Dungeon.
You visited 1 branch of the dungeon, and saw 1 of its levels.

You collected 13 gold pieces.

Inventory:

Scrolls
 a - a scroll of blinking {unknown}
 d - a scroll of remove curse {unknown}
Potions
 b - a potion of lignification {unknown}
 c - a potion of mutation {unknown}


   Skills:
 + Level 2.7 Dodging
 + Level 2.7 Stealth
 + Level 2.0 Spellcasting
 + Level 3.6 Conjurations


You had 3 spell levels left.
You knew the following spells:

 Your Spells              Type           Power        Failure   Level
a - Magic Dart            Conj           ###.         3%          1

Your spell library contained the following spells:

 Spells                   Type           Power        Failure   Level
 Searing Ray              Conj           ###...       5%          2
 Dazzling Flash           Conj/Hex       #.....       24%         3
 Fulminant Prism          Conj/Hex       #.........   61%         4
 Iskenderun's Mystic Bla  Conj/Tloc      #.......     61%         4


Dungeon Overview and Level Annotations

Branches:
Dungeon (1/15)

Altars:


Innate Abilities, Weirdness & Mutations

You cannot wear armour.
You are incapable of wielding weapons or throwing items.
Your paws allow you to move quietly. (Stealth)
You have sharp claws.
You have razor-sharp teeth.
You have supernaturally acute eyesight. (SInv)
You cover ground quickly.
You are covered in fur. (AC +1)
Your sharp claws are effective at attacking unaware monsters.


Message History

There is an open door here.
You now have 13 gold pieces.
Found a stone staircase leading down.
a - a scroll labeled HITAPH HUDINYW
b - a metallic dark potion
Found 23 arrows.
c - a fuming ruby potion
Found 24 sling bullets.
A goblin comes into view.
A goblin is nearby!
You see here a scroll labeled KOMNIKI JOEH.
The helpless goblin fails to defend itself.
You claw the goblin!
You kill the goblin!
d - a scroll labeled KOMNIKI JOEH A frilled lizard comes into view.
A frilled lizard is nearby!
A frilled lizard is nearby!
Unknown command.
Are you sure you want to abandon this character and quit the game? (Confirm with "yes".)

#############
#...........#
#######.#########.####
#.....#.# #.#...
#.....#.# #####.#...
#.....#.# ###...#.....
#.....#.###...#..##(..
#.....#.#.............
#....@#...###...#.####
#.......#.#...#....##.
........#†..............
#.....###.#.#^..........
....#. #.#.#.#.########
##.##. #.# #.#.# # l.. .
..# #. #### ## # ###
+.... ####.


You could see a frilled lizard (asleep).

Vanquished Creatures
  A goblin (D:1)
1 creature vanquished.

Notes
Turn   | Place    | Note
-------+----------+-------------------------------------------
     0 | D:1      | DogServant the Felid Conjurer began the quest for the Orb.
     0 | D:1      | Reached XP level 1. HP: 7/7 MP: 4/4
   117 | D:1      | Quit the game

Illustrated notes

Levels and vault maps discovered:
D:1:      shiori_shiawase, layout_basic, minmay_lizard_pond

Action                   || total
-------------------------++-------
Melee: Unarmed           ||     1
 Stab: Sleeping          ||     1

Table legend: (Time is in decaauts)
 A = Elapsed time spent in this place.
 B = Non-inter-level travel time spent in this place.
 C = Inter-level travel time spent in this place.
 D = Time resting spent in this place.
 E = Time spent auto-exploring this place.
 F = Levels seen in this place.
 G = Mean time per level.
                   A        B        C        D        E       F      G
               +--------+--------+--------+--------+--------+-----+--------+
         Total |     95 |     95 |      0 |      0 |     82 |   1 |   95.0 |
       Dungeon |     95 |     95 |      0 |      0 |     82 |   1 |   95.0 |
               +--------+--------+--------+--------+--------+-----+--------+

Top non-repeatable levels by time:
     D:1: 95 daAuts
